 Dungeon Crawl Stone Soup version 0.30-a0-354-g6b83867211 (webtiles) character file.

Game seed: 12990582937353673565

260 RascalDebosk the Magician (level 6, -2/41 HPs)
             Began as a Djinni Air Elementalist on Nov 7, 2022.
             Slain by a killer bee (9 damage)
             ... on level 4 of the Dungeon.
             The game lasted 00:20:43 (1996 turns).

RascalDebosk the Magician (Djinni Air Elementalist) Turns: 1996, Time: 00:20:44

Health: -2/41      AC:  2    Str: 11    XL:     6   Next: 41%
Gold:   127        EV: 12    Int: 18    God:
                   SH:  0    Dex: 14

rFire   + + .      SeeInvis .    i - +5 flail "Sizesy" {spect, Str+4}
rCold   x . .      Faith    .    (no shield)
rNeg    . . .      Spirit   .    a - +0 robe
rPois   ∞          Reflect  .    (no helmet)
rElec   .          Harm     .    (no cloak)
rCorr   +          Rampage  .    (no gloves)
Will    .....                    (boots unavailable)
Stlth   ++........               (no amulet)
HPRegen 0.26/turn                d - ring of resist corrosion
MPRegen 0.00/turn                (no ring)

@: flying
A: sickness immunity, fire resistance 2, cold vulnerability 1, float, innate
caster, HP casting, extra vitality 1
a: no special abilities


You were on level 4 of the Dungeon.
You visited 1 branch of the dungeon, and saw 4 of its levels.

You collected 127 gold pieces.

Inventory:

Hand Weapons
 i - the +5 flail "Sizesy" (weapon) {spect, Str+4}
   (You found it on level 2 of the Dungeon)

   When its wielder attacks, the weapon's spirit leaps out and strikes again.
   The spirit shares a part of any damage it takes with its wielder.
   Str:       It affects your strength (+4).
Armour
 a - a +0 robe (worn)
 m - +0 ice dragon scales
Jewellery
 d - a ring of resist corrosion (left hand)
Wands
 q - a wand of digging (2)
Scrolls
 b - 2 scrolls of identify {unknown}
 c - 4 scrolls of immolation {unknown}
 e - a scroll of poison {unknown}
 h - a scroll of teleportation {unknown}
 j - 2 scrolls of torment {unknown}
 k - a scroll of blinking {unknown}
 n - a scroll of fear {unknown}
 o - a scroll of silence {unknown}
 s - a scroll of noise {unknown}
Potions
 f - a potion of ambrosia {unknown}
 g - a potion of degeneration {unknown}
 l - 2 potions of attraction {unknown}
 p - a potion of heal wounds {unknown}
 r - 3 potions of invisibility {unknown}


   Skills:
 + Level 0.6 Fighting
 + Level 0.6 Armour
 - Level 2.1 Dodging
 - Level 1.5 Stealth
 * Level 5.1 Spellcasting


You had 2 spell levels left.
You knew the following spells:

 Your Spells              Type           Power      Damage    Failure   Level
a - Shock                 Conj/Air       88%        1d8       1%          1
b - Static Discharge      Conj/Air       44%        2-4/arc   2%          2
c - Swiftness             Air            22%        N/A       4%          3
d - Airstrike             Air            11%        2d(2-18)  16%         4
e - Magic Dart            Conj           88%        1d7       1%          1
f - Wereblood             Tmut           22%        N/A       2%          2
Your spell library was empty.

Dungeon Overview and Level Annotations

Branches:
Dungeon (4/15)
 Temple: D:4-7

Altars:
The Shining One

Shops:
D:3 (


Innate Abilities, Weirdness & Mutations

You are immune to sickness and miasma.
You are immune to poison.
Your flesh is very heat resistant. (rF++)
You are vulnerable to cold. (rC-)
You float through the air rather than walking.
You learn spells naturally, not from books.
Your magical power is your life essence.
You have superior vitality. (+4 MHP)


Message History

* * * LOW HITPOINT WARNING * * *
The hobgoblin zombie misses you.
Casting: Shock (safe; 1% risk of failure)
Confirm with . or Enter, or press ? or * to list all spells.
The hobgoblin zombie is struck by an arc of lightning.
You destroy the hobgoblin zombie!
The crimson imp is struck by an arc of lightning.
You kill the crimson imp!
The kobold skeleton is struck by an arc of lightning.
You destroy the kobold skeleton!
The lightning grounds out.
* * * LOW HITPOINT WARNING * * *
A hobgoblin zombie is nearby!
An orc zombie comes into view.
A kobold comes into view. It is wielding a +0 dagger.
There is an open door here.
The kobold shouts!
A kobold zombie comes into view.
There is an open door here.
You sock the hobgoblin zombie!
You destroy the hobgoblin zombie!
A giant cockroach comes into view.
The kobold hits you with a +0 dagger.
* * * LOW HITPOINT WARNING * * *
There is an open door here.
You sock the kobold!
You kill the kobold!
You sock the giant cockroach!
You kill the giant cockroach!
You barely miss the kobold zombie.
Your +5 flail "Sizesy" {spect, Str+4} hits the kobold zombie!
You destroy the kobold zombie!
Things that are here:
a +0 dagger; a kobold corpse The orc zombie hits you.
* * * LOW HITPOINT WARNING * * *
You sock the orc zombie!
You destroy the orc zombie!
Found 7 stones.
A hound comes into view.
Found a stone staircase leading down.
Casting: Static Discharge (safe; 2% risk of failure)
Confirm with . or Enter, or press ? or * to list all spells.
You can't see any susceptible monsters within range! (Use Z to cast anyway.) Unknown command.
Casting: Static Discharge (safe; 2% risk of failure)
Confirm with . or Enter, or press ? or * to list all spells.
Aiming: Shock (safe; 1% risk of failure)
Press: ? - help, Shift-Dir - straight line, f - hound
Aim: a hound (wandering, hasn't noticed you, 64% to hit)
The zap hits the hound.
The hound is moderately wounded.
The hound barks!
* * * LOW HITPOINT WARNING * * *
You hear an angry buzzing noise.
A killer bee comes into view. x2
Casting: Shock (safe; 1% risk of failure)
Confirm with . or Enter, or press ? or * to list all spells.
Aiming: Shock (safe; 1% risk of failure)
Press: ? - help, Shift-Dir - straight line, f/p - hound
Aim: a hound (moderately wounded, 64% to hit)
The zap hits the hound.
The hound is heavily wounded.
The killer bee buzzes angrily.
* * * LOW HITPOINT WARNING * * *
You hear an angry buzzing noise.
The hound stops to sniff the ground.
A killer bee comes into view.
Casting: Shock (safe; 1% risk of failure)
Confirm with . or Enter, or press ? or * to list all spells.
Aiming: Shock (safe; 1% risk of failure)
Press: ? - help, Shift-Dir - straight line, f/p - hound
Aim: a hound (heavily wounded, 64% to hit)
The zap misses the hound.
The killer bee buzzes angrily.
* * * LOW HITPOINT WARNING * * *
The hound barely misses you.
A killer bee comes into view.
The killer bee moves out of view.
A killer bee comes into view.
An adder comes into view.
The killer bee stings you.
* * * LOW HITPOINT WARNING * * *
The hound bites you.
* * * LOW HITPOINT WARNING * * *
The killer bee moves out of view.
Casting: Shock (safe; 1% risk of failure)
Confirm with . or Enter, or press ? or * to list all spells.
The killer bee is struck by an arc of lightning.
The killer bee is moderately wounded.
The killer bee is struck by an arc of lightning.
The killer bee is lightly wounded.
The killer bee is struck by an arc of lightning.
The killer bee is severely wounded.
The hound is struck by an arc of lightning.
The hound is almost dead.
The lightning grounds out.
* * * LOW HITPOINT WARNING * * *
The killer bee stings you!
You die...

.###.##..................
.###.#.....# #...##.#..###
.......##..## #....#..##.# ##.
........##..# #..#......# ....
........##..###..##)....# .....
....##.........(..'.._..+......
....#............##......#
....##.....#.....#......##
....##....##....@#..#+###
.#..#....###...yyh......# ...#.
#..y........... ..##.
#.............. #.....##.......
....(............
.................
>y.....S......... .........#
#....


You could see a hound, 4 killer bees and an adder.

Vanquished Creatures
  A crimson imp (D:4)
  A hound (D:3)
  An orc wizard (D:4)
  3 gnolls (D:2)
  4 adders
  A dart slug (D:2)
  7 orcs (D:4)
  14 ball pythons
  6 endoplasms
  3 giant cockroaches
  3 hobgoblins
  7 jackals (D:2)
  9 kobolds
  A quokka (D:2)
  10 bats
  2 frilled lizards
  9 goblins
  A goblin zombie (D:4)
  5 hobgoblin zombies (D:4)
  A kobold skeleton (D:4)
  3 kobold zombies (D:4)
  An orc skeleton (D:4)
  2 orc zombies (D:4)
  5 rats
100 creatures vanquished.

Notes
Turn   | Place    | Note
-------+----------+-------------------------------------------
     0 | D:1      | RascalDebosk the Djinni Air Elementalist began the quest
                  | for the Orb.
     0 | D:1      | RascalDebosk set off with the following spells memorised:
                  | Shock, Static Discharge, Swiftness, Airstrike.
     0 | D:1      | Reached XP level 1. HP: 15/15 MP: 0/0
   125 | D:1      | Reached XP level 2. HP: 20/21 MP: 0/0
   202 | D:1      | Reached skill level 3 in Spellcasting
   385 | D:1      | Reached XP level 3. HP: 24/25 MP: 0/0
   385 | D:1      | Learned a level 1 spell: Magic Dart
   590 | D:2      | Identified the +5 flail "Sizesy" {spect, Str+4}
   647 | D:2      | Reached XP level 4. HP: 20/31 MP: 0/0
   829 | D:2      | Reached skill level 4 in Spellcasting
   836 | D:2      | Reached XP level 5. HP: 25/35 MP: 0/0
   836 | D:2      | Learned a level 2 spell: Wereblood
  1713 | D:3      | Found Kasm's Weapon Emporium.
  1824 | D:4      | Reached XP level 6. HP: 25/40 MP: 0/0
  1939 | D:4      | Found a glowing golden altar of the Shining One.
  1943 | D:4      | Reached skill level 5 in Spellcasting
  1996 | D:4      | Slain by a killer bee

Illustrated notes

Levels and vault maps discovered:
D:1:      ncdulo_halloftheorcs, layout_basic
D:2:      layout_rooms, serial_rivers, chequers_serial_rivers_micro_c,
          chequers_serial_rivers_marsh, chequers_serial_rivers_large_a,
          chequers_serial_rivers_small_3, chequers_serial_rivers_small_3,
          chequers_serial_rivers_micro_e
D:3:      layout_rooms, serial_shops, nicolae_shop_trees
D:4:      layout_cave_pools, nicolae_tso_besieged_by_evil,
          minmay_temple_entry_proselytizer, amethyst_killhole,
          minmay_fractal_squares_diagonal_5, uniq_grinder

Skill      XL: |  1  2  3  4  5  6 |
---------------+-------------------+-----
Spellcasting   | 3 4 5 |  5.1
Fighting       | |  0.6
Armour         | |  0.6
Dodging        | |  2.1
Stealth        | |  1.5

Action                   |  1- 3 |  4- 6 || total
-------------------------+-------+-------++-------
Melee: Flail             |       |    13 ||    13
 Cast: Shock             |    65 |    92 ||   157
       Static Discharge  |     1 |     9 ||    10
Armor: Robe              |     1 |     2 ||     3
       Ice dragon scales |       |     7 ||     7
Dodge: Dodged            |     8 |    16 ||    24

Table legend: (Time is in decaauts)
 A = Elapsed time spent in this place.
 B = Non-inter-level travel time spent in this place.
 C = Inter-level travel time spent in this place.
 D = Time resting spent in this place.
 E = Time spent auto-exploring this place.
 F = Levels seen in this place.
 G = Mean time per level.
                   A        B        C        D        E       F      G
               +--------+--------+--------+--------+--------+-----+--------+
         Total |   1999 |   1942 |     57 |    206 |   1110 |   4 |  499.8 |
       Dungeon |   1999 |   1942 |     57 |    206 |   1110 |   4 |  499.8 |
               +--------+--------+--------+--------+--------+-----+--------+

Top non-repeatable levels by time:
     D:2: 672 daAuts
     D:3: 553 daAuts
     D:1: 546 daAuts
     D:4: 226 daAuts
